 Dungeon Crawl Stone Soup version 0.31-a0-232-gb1c03b2570 (webtiles) character file.

Game seed: 6275111653675694683

44 qw the Shooter (level 3, -2/29 HPs)
             Began as a Minotaur Hexslinger on July 7, 2023.
             Slain by Sigmund
             ... wielding a +0 scythe
              (9 damage)
             ... on level 2 of the Dungeon.
             The game lasted 00:00:15 (1023 turns).

qw the Shooter (Minotaur Hexslinger)                Turns: 1023, Time: 00:00:15

Health: -2/29      AC:  2    Str: 12    XL:     3   Next: 39%
Magic:  3/3        EV: 12    Int: 10    God:
Gold:   27         SH:  0    Dex: 14    Spells: 3/4 levels left

rFire   . . .        Y - +1 sling
rCold   . . .        (no shield)
rNeg    . . .        c - +0 robe
rPois   .            (helmet restricted)
rElec   .            (no cloak)
rCorr   .            (no gloves)
SInv    .            (no boots)
Will    .....        (no amulet)
Stlth   +            (no ring)
HPRegen 0.24/turn    (no ring)
MPRegen 0.08/turn

%: no passive effects
@: no status effects
A: horns 2, retaliatory headbutt
a: no special abilities


You were on level 2 of the Dungeon.
You visited 1 branch of the dungeon, and saw 2 of its levels.

You collected 67 gold pieces.
You spent 40 gold pieces at shops.


Innate Abilities, Weirdness & Mutations

You have a pair of horns on your head.
You reflexively headbutt those who attack you in melee.


   Skills:
 - Level 2.2 Fighting
 + Level 3.8 Ranged Weapons
 - Level 2.1 Dodging
 - Level 1.0 Spellcasting
 - Level 2.0 Hexes


You had 3 spell levels left.
You knew the following spells:

 Your Spells              Type           Power      Damage    Failure   Level
a - Slow                  Hex            16%        N/A       16%         1

Your spell library contained the following spells:

 Spells                   Type           Power      Damage    Failure   Level
 Inner Flame              Hex/Fire       2%         N/A       56%         3
 Portal Projectile        Hex/Tloc       4%         N/A       56%         3
 Cause Fear               Hex            2%         N/A       83%         4

Inventory:

Hand Weapons
 Y - a +1 sling (weapon)
Armour
 a - a +0 ring mail
 c - a +0 robe (worn)
Scrolls
 b - a scroll of fear {unknown}
 d - 5 scrolls of identify

Dungeon Overview and Level Annotations

Branches:
Dungeon (2/15)

Altars:

Shops:
D:1 ?

Annotations:
D:2 Sigmund


Message History

A frilled lizard comes into view.
You shoot a sling bullet.
The sling bullet closely misses the frilled lizard.
The sling bullet hits the frilled lizard.
You kill the frilled lizard!
The frilled lizard misses you. The frilled lizard barely misses you.
You furiously retaliate!
You headbutt the frilled lizard.
You kill the frilled lizard!
Sigmund flickers, as though insubstantial.
Sigmund gestures wildly while chanting.
Sigmund flickers and vanishes!
Deactivating autopickup; reactivate with Ctrl-A.
You shoot a sling bullet.
The sling bullet closely misses the frilled lizard.
The frilled lizard barely misses you. You furiously retaliate!
You headbutt the frilled lizard. Something hits you!
You shoot a sling bullet.
The sling bullet barely misses the frilled lizard.
The frilled lizard bites you. The frilled lizard closely misses you.
You furiously retaliate!
You headbutt the frilled lizard.
You kill the frilled lizard!
Something hits you.
You shoot a sling bullet.
A quokka comes into view.
The quokka bites you but does no damage.
You shoot a sling bullet. The sling bullet misses the quokka.
Something hits you. The quokka barely misses you.
You shoot a sling bullet.
The sling bullet hits the quokka but does no damage.
The quokka closely misses you. You furiously retaliate!
You headbutt the quokka!
You kill the quokka!
Something hits you but does no damage.
You shoot a sling bullet. Something hits you.
You shoot a sling bullet. Something hits you.
You shoot a sling bullet. You shoot a sling bullet. Something hits you!
You die...

#. .# .# # . #.##. ...!###
#{%%# #@#.# #.#.# #.#.#
#.#.# #)#.##### #.#......
################..########
..#...........%)..%......(
#.#.#############.....###


There were no monsters in sight!

Vanquished Creatures
  A gnoll (D:1)
  An adder (D:2)
  A worm (D:2)
  3 bats
  An endoplasm (D:1)
  A giant cockroach (D:2)
  A hobgoblin (D:1)
  2 quokkas (D:2)
  5 ball pythons
  3 frilled lizards (D:2)
  2 kobolds
  A rat (D:2)
22 creatures vanquished.

Notes
Turn   | Place    | Note
-------+----------+-------------------------------------------
     0 | D:1      | qw the Minotaur Hexslinger began the quest for the Orb.
     0 | D:1      | Reached XP level 1. HP: 16/16 MP: 1/1
     0 | D:1      | 0 ||| qw: Version: 0.3-a-46-gb1f654a
     0 | D:1      | 0 ||| qw: Game counter: 2513
     0 | D:1      | 0 ||| qw: Melee chars always use a shield: true
     0 | D:1      | 0 ||| qw: God list: Okawaru
     0 | D:1      | 0 ||| qw: Allow faded altars: false
     0 | D:1      | 0 ||| qw: Do Orc after clearing Dungeon:15 true
     0 | D:1      | 0 ||| qw: Do second Lair branch before Depths: true
     0 | D:1      | 0 ||| qw: Lair rune preference: random
     0 | D:1      | 0 ||| qw: Goals: Normal
     0 | D:1      | 0 ||| PLANNING D:1-11
   220 | D:1      | Found Vygel's Magic Scroll Shoppe.
   236 | D:1      | 236 ||| BUYING scroll of identify (20 gold).
   236 | D:1      | Bought a scroll of identify for 20 gold pieces
   236 | D:1      | 236 ||| BUYING scroll of identify (20 gold).
   236 | D:1      | Bought a scroll of identify for 20 gold pieces
   236 | D:1      | 236 ||| SHOPLISTING scroll of teleportation (30 gold, have
                  | 11).
   392 | D:1      | Reached skill level 3 in Ranged Weapons
   417 | D:1      | Reached XP level 2. HP: 23/23 MP: 2/2
   907 | D:1      | 907 ||| READING scroll labelled XAZXIS XIAXICW.
   908 | D:1      | 908 ||| READING scroll labelled JAGGOSTRAVUEG.
   909 | D:1      | 909 ||| READING 6 scrolls of identify.
   909 | D:1      | 909 ||| IDENTIFYING emerald potion
   910 | D:1      | 910 ||| DROPPING scroll of poison.
   911 | D:1      | 911 ||| DROPPING potion of brilliance.
   976 | D:2      | Reached XP level 3. HP: 29/29 MP: 3/3
  1001 | D:2      | Identified the +9 short sword of False Accusations {pain,
                  | *Slow Int+2 Stlth+}
  1007 | D:2      | Noticed Sigmund
  1021 | D:2      | HP: 7/29 [something (2)]
  1023 | D:2      | Slain by Sigmund

Levels and vault maps discovered:
D:1:      co_arrival_random_square_maze, layout_loops_ring, serial_shops,
          nicolae_shop_tiny_glass, minmay_misc_feat_room, nrook_mini_vaults,
          dreamdust_princess_bridge
D:2:      layout_basic, uniq_sigmund, uniq_robin

Skill      XL: |  1  2 |
---------------+-------+-----
Ranged Weapons | 3 |  3.8
Fighting       | 2 |  2.2
Dodging        | |  2.1
Spellcasting   | |  1.0
Hexes          | |  2.0

Action                     || total
---------------------------++-------
   Fire: Sling             ||    65
    Use: Scroll            ||     3
 Armour: Robe              ||     4
  Dodge: Dodged            ||    37

Table legend:
 A = Non-vault XP
 B = Vault XP
 C = Vault XP percentage of total XP
 D = Non-vault monster count
 E = Vault monster count
 F = Vault count percentage of total count
                 A         B        C        D         E       F
            +---------+---------+-------+---------+---------+-------
      Total |      63 |       0 |   0.0 |      22 |       0 |   0.0
            +---------+---------+-------+---------+---------+-------
        D:1 |      27 |       0 |   0.0 |       9 |       0 |   0.0
        D:2 |      36 |       0 |   0.0 |      13 |       0 |   0.0
            +---------+---------+-------+---------+---------+-------
